 Dungeon Crawl Stone Soup version 0.24.1-14-gf8d2b509d9 (webtiles) character file.

Game seed: 16638474060322252780, levelgen mode: deterministic

899 KlarStein the Skirmisher (level 7, -9/56 HPs)
             Began as a Demonspawn Fighter on July 10, 2020.
             Was an Initiate of Ashenzari.
             Mangled by an ogre
             ... wielding a +0 giant spiked club
              (16 damage)
             ... on level 5 of the Dungeon.
             The game lasted 00:22:55 (4044 turns).

KlarStein the Skirmisher (Demonspawn Fighter)       Turns: 4044, Time: 00:22:56

Health: -9/56      AC:  7    Str: 18    XL:     7   Next: 79%
Magic:  0/7        EV:  7    Int: 10    God:    Ashenzari [......]
Gold:   212        SH:  9    Dex: 12    Spells: 6/6 levels left

rFire    . . .     SeeInvis .     - Unarmed
rCold    . . .     Gourm    .   c - +0 shield
rNeg     . . .     Faith    +   b - +0 scale mail
rPois    .         Spirit   +   (no helmet)
rElec    .         Reflect  .   p - scarf {repulsion} (curse)
rCorr    .         Harm     .   (no gloves)
MR       .....                  (no boots)
Stlth    ..........             l - amulet of faith
HPRegen  0.18/turn              k - ring of wizardry
MPRegen  0.10/turn              (no ring)

@: lethally poisoned (-9 -> -13), repel missiles
A: claws 2, talons 1, magic shield
a: Curse Item, Renounce Religion


You were on level 5 of the Dungeon.
You worshipped Ashenzari.
Ashenzari was noncommittal.
You were hungry.

You visited 2 branches of the dungeon, and saw 6 of its levels.

You collected 212 gold pieces.

Inventory:

Hand Weapons
 a - a +0 long sword
Armour
 b - a +0 scale mail (worn)
 c - a +0 shield (worn)
 m - a +0 cloak
 p - a cursed scarf of repulsion (worn)
Jewellery
 k - a ring of wizardry (left claw)
 l - an amulet of faith (around neck)
 v - an uncursed amulet of magic regeneration
Scrolls
 i - a scroll of fog
 n - a scroll of fear
Potions
 d - a potion of might
 e - 5 potions of lignification
 g - a potion of flight {unknown}
 h - 3 potions of magic
 q - a potion of curing {unknown}
 r - a potion of ambrosia
 s - a potion of heal wounds {unknown}
Comestibles
 f - 4 rations


   Skills:
 + Level 5.0 Fighting
 - Level 2.8 Long Blades
 + Level 4.5 Armour
 + Level 4.4 Shields
 * Level 4.3 Unarmed Combat


You had 6 spell levels left.
You didn't know any spells.
Your spell library was empty.

Dungeon Overview and Level Annotations

Branches:
Dungeon (5/15)             Temple (1/1) D:4

Altars:
Ashenzari
Elyvilon
Fedhas
Gozag
Hepliaklqana
Kikubaaqudgha
Makhleb
Nemelex Xobeh
Qazlal
Trog
Uskayaw
Vehumet
Wu Jian
Xom
Yredelemnul
The Shining One

Annotations:
D:4 3 runed translucent doors, spacerossing's ghost, novice HaFi


Innate Abilities, Weirdness & Mutations

You have very sharp fingernails.
You have sharp toenails.
When hurt, damage is shared between your health and your magic reserves.


Message History

You feel sick. The killer bee closely misses you. The killer bee stings you!
You claw the killer bee!
You kill the killer bee!
Your Fighting skill increases to level 5!
You feel sick.
You claw the ogre! Your kick misses the ogre.
The ogre is moderately wounded.
The ogre hits you with a +0 giant spiked club!
* * * LOW HITPOINT WARNING * * *
You scratch the ogre. You claw the ogre.
The ogre is heavily wounded.
You feel sick.
You scratch the ogre but do no damage. You claw the ogre.
The ogre is heavily wounded.
You feel sick. The ogre closely misses you.
You scratch the ogre but do no damage.
The ogre is heavily wounded.
You feel sick.
The ogre hits you with a +0 giant spiked club!!
You die...

#### ##
##... ##.##
#..# #...#
#.### #@#
#.#.#####O#
#).#.##(#.#
#.###.#...#
#??#.####.#
#[###.#...#
#$.#.#.#$##
#O########
..#


You could see an ogre.

Vanquished Creatures
  Sigmund (D:3)
  2 sky beasts (D:5)
  A killer bee (D:5)
  2 orc priests (D:4)
  2 orc wizards (D:4)
  Natasha (thrice) (D:3)
  An iguana (D:4)
  2 worker ants
  8 adders
  7 gnolls
  A shadow imp (D:5)
  5 worms
  A dart slug (D:2)
  A leopard gecko (D:3)
  19 orcs
  8 bats
  A giant cockroach (D:2)
  9 hobgoblins
  4 jackals (D:1)
  A quokka (D:3)
  A ball python (D:1)
  A ball python skeleton (D:4)
  4 frilled lizards
  6 goblins
  A jackal skeleton (D:4)
  8 kobolds
  5 rats
105 creatures vanquished.

Notes
Turn   | Place    | Note
-------+----------+-------------------------------------------
     0 | D:1      | KlarStein the Demonspawn Fighter began the quest for the
                  | Orb.
     0 | D:1      | Reached XP level 1. HP: 18/18 MP: 1/1
   201 | D:1      | Gained mutation: When hurt, damage is shared between your
                  | health and your magic reserves. [demonic ancestry]
   201 | D:1      | Reached XP level 2. HP: 18/24 MP: 2/2
   988 | D:2      | Gained mutation: You have sharp fingernails. [demonic
                  | ancestry]
   988 | D:2      | Reached XP level 3. HP: 29/29 MP: 3/3
  1589 | D:2      | Gained mutation: You have very sharp fingernails. [demonic
                  | ancestry]
  1589 | D:2      | Reached XP level 4. HP: 35/35 MP: 4/4
  2027 | D:3      | Noticed Natasha
  2041 | D:3      | Killed Natasha
  2041 | D:3      | Reached skill level 1 in Unarmed Combat
  2159 | D:3      | Reached XP level 5. HP: 42/42 MP: 5/5
  2189 | D:3      | Noticed Natasha
  2216 | D:3      | Killed Natasha
  2304 | D:3      | Found an opulent altar of Gozag.
  2373 | D:3      | Noticed Sigmund
  2380 | D:3      | Killed Sigmund
  2380 | D:3      | Reached skill level 4 in Fighting
  2380 | D:3      | Gained mutation: You have sharp toenails. [demonic
                  | ancestry]
  2380 | D:3      | Reached XP level 6. HP: 42/48 MP: 4/6
  2516 | D:3      | Found a bloodstained altar of Trog.
  2574 | D:3      | Noticed Natasha
  2584 | D:3      | Killed Natasha
  2955 | D:4      | Found a runed translucent gate.
  2956 | D:4      | Found a runed translucent gate.
  2957 | D:4      | Found a runed translucent gate.
  2960 | D:4      | Noticed spacerossing's ghost (novice HaFi)
  3066 | D:4      | Reached XP level 7. HP: 39/55 MP: 5/7
  3244 | D:4      | Found a hazy altar of Hepliaklqana.
  3396 | D:4      | Found a staircase to the Ecumenical Temple.
  3410 | Temple   | Entered the Ecumenical Temple
  3463 | Temple   | Became a worshipper of Ashenzari the Shackled
  3669 | D:5      | Entered Level 5 of the Dungeon
  4040 | D:5      | Reached skill level 5 in Fighting
  4044 | D:5      | Mangled by an ogre

Levels and vault maps discovered:
D:1:      minmay_arrival_radiant_lines, layout_loops_ring
D:2:      layout_basic, first_ration
D:3:      layout_loops_ring, lightli_temple_of_fire, grunt_gozag_breadcrumbs,
          st_stairs_6, uniq_sigmund, uniq_natasha
D:4:      layout_basic, lemuel_doored_altar, minmay_temple_entry_tees,
          gammafunk_ghost_necromancy
D:5:      layout_rooms, kennysheep_slug_shrine, minmay_small_thing
Temple:   cyrus_circular_temple

Skill      XL: |  1  2  3  4  5  6  7 |
---------------+----------------------+-----
Long Blades    | 2 |  2.8
Shields        | 3 4 |  4.4
Armour         | 3 4 |  4.5
Unarmed Combat | 1 2 3 4 |  4.3
Fighting       | 4 5 |  5.0

Action                   |  1- 3 |  4- 6 |  7- 9 || total
-------------------------+-------+-------+-------++-------
Melee: Long sword        |   133 |       |       ||   133
       Unarmed           |       |   163 |   101 ||   264
       Kick              |       |    14 |    21 ||    35
Invok: Curse Item        |       |       |     1 ||     1
  Use: Scroll            |     2 |       |    10 ||    12
       Potion            |       |     1 |       ||     1
  Eat: Chunk             |     2 |     5 |     3 ||    10
Armor: Scale mail        |    57 |    58 |    44 ||   159
Dodge: Dodged            |    26 |    35 |    36 ||    97
Block: Shield            |    61 |    65 |    53 ||   179
       Rpst.: Long sword |     9 |       |       ||     9
